 Dungeon Crawl Stone Soup version 0.29-a0-341-g24ffce5b50 (webtiles) character file.

Game seed: 17390049894107835037

23055 spaghetti the Fighter (level 13, -5/199 HPs)
             Began as an Ogre Necromancer on Apr 20, 2022.
             Was an Elder of Hepliaklqana.
             Succumbed to a cane toad's poison
             ... on level 5 of the Lair of Beasts.
             The game lasted 00:33:35 (23454 turns).

spaghetti the Fighter (Ogre Necromancer)           Turns: 23454, Time: 00:33:35

Health: -5/199     AC: 26    Str: 17    XL:     13   Next: 4%
Magic:  1/25       EV:  1    Int: 20    God:    Hepliaklqana [****..]
Gold:   746        SH:  0    Dex:  9    Spells: 8/34 levels left

rFire   . . .      SeeInvis .   a - staff of death {!astaff}
rCold   . . .      Faith    .   (no shield)
rNeg    + . .      Spirit   .   (body armour currently unavailable)
rPois   +          Reflect  .   (helmet currently unavailable)
rElec   .          Harm     .   (cloak currently unavailable)
rCorr   .          Rampage  .   (gloves unavailable)
Will    +....      NoTele   +   (boots unavailable)
Stlth   +.........              (no amulet)
HPRegen 0.43/turn               M - +4 ring of slaying
MPRegen 0.19/turn               w - +4 ring of evasion

@: lethally poisoned (-5 -> -29), tree-form, death channelling, attractive
A: stationary, stasis, torment immunity, boosted hp, reduced essence, large,
unfitting armour, (tough skin 1), (hooves 1), low MP 1, strong 1
a: Renounce Religion, Recall Ancestor, Ancestor Identity, Transference, Idealise


You were on level 5 of the Lair of Beasts.
You worshipped Hepliaklqana.
Hepliaklqana was greatly pleased with you.
You were a tree.
You visited 3 branches of the dungeon, and saw 18 of its levels.

You collected 783 gold pieces.
You spent 37 gold pieces at shops.


Innate Abilities, Weirdness & Mutations

You are a tree.
Your roots penetrate the ground, keeping you stationary.
You cannot be teleported.
You are immune to unholy pain and torment.
Your maximum health is greatly increased.
Your equipment is partially melded.
Your life essence is reduced to manifest your ancestor. (-10% HP)
You are too large for most types of armour.
((You have tough skin. (AC +1)))
((You have large cloven feet.))
Your magical capacity is low. (-10% MP)
Your muscles are strong. (Str +2)


   Skills:
 * Level 14.6 Fighting
 + Level 7.3 Staves
 * Level 5.1 Dodging
 - Level 1.4 Stealth
 * Level 11.0 Spellcasting
 + Level 10.7 Necromancy
 + Level 2.0 Invocations
 - Level 5.0 Evocations


You had 8 spell levels left.
You knew the following spells:

 Your Spells              Type           Power      Damage    Failure   Level
a - Pain                  Necr           100%       1d9       1%          1
b - Vampiric Draining     Necr           69%        2d10      1%          3
c - Animate Dead          Necr           34%        N/A       1%          4
d - Agony                 Necr           69%        N/A       1%          5
e - Swiftness             Air            11%        N/A       19%         3
f - Dispel Undead         Necr           69%        3d23      1%          4
g - Death Channel         Necr           34%        N/A       12%         6

Your spell library contained the following spells:

 Spells                   Type           Power      Damage    Failure   Level
 Animate Skeleton         Necr           100%       N/A       1%          1
 Corpse Rot               Necr/Air       96%        N/A       1%          2
 Apportation              Tloc           22%        N/A       6%          1
 Summon Small Mammal      Summ           44%        N/A       6%          1
 Blink                    Tloc           22%        N/A       10%         2
 Call Imp                 Summ           11%        N/A       10%         2
 Ensorcelled Hibernation  Hex/Ice        22%        N/A       10%         2
 Passwall                 Tmut/Erth      9%         N/A       10%         2
 Scorch                   Fire           22%        2d6       10%         2
 Frozen Ramparts          Ice            22%        1d4       19%         3
 Portal Projectile        Hex/Tloc       22%        N/A       19%         3
 Flame Wave               Conj/Fire      11%        2d5       52%         4
 Fulminant Prism          Conj/Hex       5%         3d7       52%         4
 Ice Form                 Ice/Tmut       11%        N/A       52%         4
 Iskenderun's Mystic Bla  Conj/Tloc      11%        2d4       52%         4
 Fireball                 Conj/Fire      5%         3d5       86%         5
 Iskenderun's Battlesphe  Conj           11%        2d7       86%         5
 Lee's Rapid Deconstruct  Erth           5%         3d7*      86%         5
 Conjure Ball Lightning   Conj/Air       5%         3x3d6     100%        6
 Summon Cactus Giant      Summ           5%         N/A       100%        6
 Orb of Destruction       Conj           5%         9d5       100%        7
 Disjunction              Tloc           5%         N/A       100%        8

Inventory:

Missiles
 g - 451 stones {throwing}
 k - 33 poisoned darts {throwing}
 u - 7 boomerangs {throwing}
 x - a throwing net {=f!fthrowing}
 G - a curare-tipped dart {=fthrowing}
 S - 3 large rocks {=fthrowing}
Armour
 c - the +1 robe of Intercession {rElec rF++ rC-}
   (You found it on level 3 of the Lair of Beasts)

   rF:        It greatly protects you from fire.
   rC:        It makes you vulnerable to cold.
   rElec:     It insulates you from electricity.
 e - +0 steam dragon scales (melded)
   (You found it on level 4 of the Dungeon)
 j - a +2 hat (melded)
   (You found it on level 4 of the Lair of Beasts)
Magical Staves
 a - a staff of death (weapon) {!astaff}
   (You acquired it on level 7 of the Dungeon)
 p - a staff of fire {!astaff}
   (You found it on level 4 of the Dungeon)
 Y - a staff of death {!astaff}
   (You found it on level 2 of the Lair of Beasts)
Jewellery
 d - a ring of positive energy
   (You found it on level 4 of the Lair of Beasts)
 o - a ring of positive energy
   (You found it on level 4 of the Dungeon)
 v - a ring of magical power
   (You found it on level 6 of the Dungeon)
 w - a +4 ring of evasion (right branch)
   (You took it off a wight on level 6 of the Dungeon)
 y - a +6 ring of dexterity
   (You found it on level 10 of the Dungeon)
 C - a +6 ring of dexterity
   (You found it on level 8 of the Dungeon)
 M - a +4 ring of slaying (left branch)
   (You took it off an orc on level 9 of the Dungeon)
Wands
 l - a wand of digging (4)
   (You found it on level 5 of the Lair of Beasts)
Scrolls
 h - a scroll of blinking {!r}
 i - 2 scrolls of enchant armour
 m - 3 scrolls of holy word
 n - 11 scrolls of teleportation {@r4}
 q - 2 scrolls of enchant weapon
 r - 4 scrolls of vulnerability {!r!r}
 s - 2 scrolls of silence {!r}
 B - 3 scrolls of fog
 E - a scroll of summoning
 H - 2 scrolls of noise {!r}
 O - 2 scrolls of immolation {!r!r}
 T - 2 scrolls of amnesia
 U - a scroll of magic mapping {!r}
Potions
 b - a potion of resistance
 f - 2 potions of brilliance
 z - 2 potions of flight
 F - a potion of mutation {!q}
 I - a potion of might
 J - 3 potions of haste {@q3}
 L - 3 potions of degeneration {!q@e2}
 P - a potion of attraction {!q}
Miscellaneous
 Z - a phantom mirror
   (You found it on level 2 of the Lair of Beasts)

Dungeon Overview and Level Annotations

Branches:
Dungeon (12/15)            Temple (1/1) D:5            Lair (5/6) D:11
  Swamp (0/4) Lair:3        Snake (0/4) Lair:4
  Slime: Lair:5-6       Orc: D:9-12

Altars:
Ashenzari
Cheibriados
Dithmenos
Elyvilon
Fedhas
Gozag
Hepliaklqana
Kikubaaqudgha
Makhleb
Nemelex Xobeh
Okawaru
Qazlal
Ru
Sif Muna
Uskayaw
Vehumet
Wu Jian
Xom
Yredelemnul
Zin
The Shining One

Shops:
D:6 *

Portals:
Abyss: D:7

Annotations:
D:7 2 transporters, louisi3's ghost, novice OpWz
Lair:1 2 transporters, kevlar127's ghost, journeyman TrBe
Lair:3 exclusion: oklob plant

... ..#...
.##..#..
....#.. .
...#..#### .⌠.
#..##.⌠.##
....#........#
>.....Z†..>.⌠#
.#ZZ♣.....##
#.F##.⌠.#.#####
....#
#####..##.####
......
##.......##
?.#..
###......## #
#.. ##.#.....
.. #####... ..#
####


You could see a cane toad (drained, ally target), 2 friendly spectral water
moccasins and a friendly spectral catoblepas.


Message History

The cane toad stings you!
* * * LOW HITPOINT WARNING * * *
Your spectral catoblepas gores the water moccasin!
Your spectral catoblepas drains the water moccasin.
The water moccasin bites you but does no damage.
The cane toad stings you.
* * * LOW HITPOINT WARNING * * *
Your spectral catoblepas gores the water moccasin!
The water moccasin dies!
A glowing mist starts to gather...
The cane toad stings you!
* * * LOW HITPOINT WARNING * * *
Your spectral catoblepas gores the water moccasin!!
The cane toad completely misses you.
Your spectral catoblepas gores the water moccasin!
Your spectral catoblepas drains the water moccasin.
The cane toad stings you.
* * * LOW HITPOINT WARNING * * *
The cane toad stings you!
* * * LOW HITPOINT WARNING * * *
Your spectral catoblepas gores the water moccasin!
The water moccasin dies!
A glowing mist starts to gather...
Your spectral water moccasin bites the cane toad.
Your spectral water moccasin drains the cane toad.
Your spectral water moccasin bites the cane toad.
The cane toad stings you.
* * * LOW HITPOINT WARNING * * *
You turn to flesh and can move again. 😱 HP[-58] MP[+1]
You take 58 damage, and now have 11/133 hp.
MASSIVE DAMAGE!! (PAUSE)
You feel much better.
You feel extremely sick.
Your spectral water moccasin closely misses the cane toad.
Your spectral water moccasin barely misses the cane toad.
The cane toad stings you!
* * * LOW HITPOINT WARNING * * *
You are more poisoned.
The cane toad poisons you!
Your spectral water moccasin bites the cane toad but does no damage. 😱 HP[+3] MP[+1]
You regained 3 hp, and now have 14/133 hp.
Unknown command.
You are lethally poisoned (14 -> -28).
You are channelling the dead.
Your movement speed is average.
Your attack delay is about 0.8.
Your base attributes are Str 15, Int 20, Dex 9.
Unknown command.
Okay, then.
Okay, then.
Okay, then.
Okay, then.
It was a potion of attraction.
You feel attractive to monsters.
* * * LOW HITPOINT WARNING * * *
You feel extremely sick.
Your spectral water moccasin bites the cane toad.
The cane toad stings you but does no damage.
Your spectral water moccasin closely misses the cane toad.
Your spectral water moccasin bites the cane toad but does no damage. 😱 HP[-9]
You take 9 damage, and now have 5/133 hp.
You are lethally poisoned (5 -> -28).
You are channelling the dead.
You attract monsters toward you.
Your movement speed is average.
Your attack delay is about 0.8.
Your base attributes are Str 15, Int 20, Dex 9.
It was a potion of lignification.
You turn into a tree.
Your +2 hat melds into your body.
Your +0 steam dragon scales melds into your body.
Your roots penetrate the ground.
* * * LOW HITPOINT WARNING * * *
You feel extremely sick.
The cane toad stings you but does no damage.
Your spectral water moccasin bites the cane toad. x2
Your spectral water moccasin drains the cane toad.
The cane toad stings you but does no damage. 😱 HP[-4]
You now have 199 max hp (+66).
You are lethally poisoned (1 -> -24).
You are a tree.
You are channelling the dead.
You attract monsters toward you.
Your movement speed is average.
Your attack delay is about 0.8.
Your base attributes are Str 15, Int 20, Dex 9.
Unknown command.
Unknown command.
Okay, then.
Okay, then.
Casting: Vampiric Draining (safe; 1% risk of failure)
Confirm with . or Enter, or press ? or * to list all spells.
You don't have enough magic to cast this spell.
Okay, then.
Unknown command.
Unknown command.
Casting: Vampiric Draining (safe; 1% risk of failure)
Confirm with . or Enter, or press ? or * to list all spells.
Aiming: Pain (safe; 1% risk of failure)
Press: ? - help, Shift-Dir - straight line, f - cane toad
Aim: a cane toad (heavily wounded, lightly drained, ally target, chance to affect: 86%)
You feel a surge of power!
The cane toad writhes in agony!
You die...

Skill      XL: |  1  2  3  4  5  6  7  8  9 10 11 12 |
---------------+-------------------------------------+-----
Necromancy     | 4 5 6 7 8 9 10 | 10.7
Fighting       | 7 10 11 13 14 | 14.6
Staves         | 1 4 5 6 7 |  7.3
Spellcasting   | 3 5 7 9 11 | 11.0
Evocations     | 1 3 4 5 |  5.0
Dodging        | 2 5 |  5.1
Invocations    | 2 |  2.0
Stealth        | |  1.4

Action                   |  1- 3 |  4- 6 |  7- 9 | 10-12 | 13-15 || total
-------------------------+-------+-------+-------+-------+-------++-------
Melee: Club              |    14 |    11 |    26 |       |       ||    51
       Punch             |     2 |       |     2 |     3 |       ||     7
       Dagger            |       |       |    57 |       |       ||    57
       Staff             |       |       |   196 |   144 |     1 ||   341
       Glaive            |       |       |       |     6 |       ||     6
       Kick              |       |       |       |     9 |       ||     9
 Cast: Pain              |    56 |    81 |   119 |   175 |     1 ||   432
       Vampiric Draining |       |       |    27 |    90 |       ||   117
       Agony             |       |       |     6 |    38 |       ||    44
       Animate Dead      |       |       |     1 |    12 |       ||    13
       Death Channel     |       |       |       |    27 |       ||    27
Invok: Recall Ancestor   |       |       |     1 |     2 |       ||     3
       Ancestor Life: Kn |       |       |       |     1 |       ||     1
Evoke: Wand              |       |     4 |    12 |     1 |       ||    17
  Use: Potion            |     4 |     2 |     2 |     3 |     3 ||    14
       Scroll            |       |       |    14 |    11 |       ||    25
 Stab: Sleeping          |       |       |     3 |     1 |       ||     4
       Distracted        |       |       |     1 |     1 |       ||     2
Armor: Robe              |     8 |     5 |       |       |       ||    13
       Steam dragon scal |       |     8 |   118 |    63 |     3 ||   192
       Skin              |       |       |       |       |     2 ||     2
Dodge: Dodged            |     9 |    12 |   288 |   211 |     2 ||   522

Levels and vault maps discovered:
D:1:      minmay_arrival_solitary_statue, layout_loops_ring,
          shapermc_ecumenical_altar_rom_forum, minivault_24
D:2:      layout_basic, basic_altar, item_on_display_a, uniq_natasha
D:3:      layout_rooms, kennysheep_nondescript
D:4:      layout_loops_cross, serial_glass, glass_columns_a, glass_columns_a,
          amethyst_killhole
D:5:      layout_basic, minmay_temple_entry_junction_2
D:6:      layout_loops_ring, enter_ossuary_2, nicolae_stop_n_shop_2, hex_large
D:7:      layout_loops_ring, gammafunk_ghost_abyssal_escape
D:8:      layout_loops_ring, mainiacjoe_overflow_chevrons
D:9:      layout_gridville, uniq_erolcha
D:10:     layout_irregular_city, trog_hazing_becter, orc_0_dummy, enter_bailey_2
D:11:     layout_roguey, minmay_lair_entry_grove, uniq_grum
D:12:     layout_rooms, serial_bayou_crossing
Temple:   mainiacjoe_temple_cubbyholes
Lair:1:   layout_regular_city, gammafunk_ghost_arena,
          dreamdust_mushroom_princess
Lair:2:   layout_cave_pods, basic_altar, nicolae_lair_lil_pond,
          serial_bayou_shore_b, grunt_megastairs_3
Lair:3:   layout_regular_city, swamp_mist, minmay_lair_oklob_items,
          serial_bayou_shore_b
Lair:4:   layout_hall_layers, minmay_snake_entry_guardpost_small
Lair:5:   layout_cave_pods, nicolae_slime_entry_slimehenge,
          nicolae_quartered_pool_impasse, grunt_forest_large_clearings,
          grunt_megastairs_2

Notes
Turn   | Place    | Note
-------+----------+-------------------------------------------
     0 | D:1      | spaghetti the Ogre Necromancer began the quest for the Orb.
     0 | D:1      | Reached XP level 1. HP: 16/16 MP: 3/3
     0 | D:1      | magus.rc [v1.9.6]
   195 | D:1      | HP: 4/16 [hobgoblin (3)]
   198 | D:1      | Reached skill level 4 in Necromancy
   198 | D:1      | Reached XP level 2. HP: 4/24 MP: 3/5
   593 | D:1      | You pick up a book of Burglary and begin reading...
   593 | D:1      | You add the spells Passwall, Ensorcelled Hibernation and
                  | Swiftness to your library.
   829 | D:1      | Found a faded altar of an unknown god.
   838 | D:1      | Got Plato's Papyrus of Creation
  1401 | D:2      | Reached XP level 3. HP: 29/31 MP: 3/6
  1450 | D:2      | Noticed Natasha
  1456 | D:2      | Killed Natasha
  1497 | D:2      | Learned a level 3 spell: Vampiric Draining
  1747 | D:2      | Noticed Natasha
  1757 | D:2      | HP: 5/31 [Natasha (5)]
  1763 | D:2      | HP: 1/46 [Natasha/magic dart (7)]
  1765 | D:2      | Killed Natasha
  1766 | D:2      | Reached skill level 5 in Necromancy
  1766 | D:2      | Reached XP level 4. HP: 1/39 MP: 3/7
  2285 | D:2      | Found a sparkling altar of Nemelex Xobeh.
  3374 | D:3      | Reached XP level 5. HP: 36/45 MP: 2/8
  3814 | D:4      | Reached skill level 6 in Necromancy
  3844 | D:4      | Noticed a steam dragon
  3852 | D:4      | Killed a steam dragon
  3853 | D:4      | Reached XP level 6. HP: 47/53 MP: 0/9
  4003 | D:4      | Learned a level 4 spell: Animate Dead
  4347 | D:4      | Reached skill level 7 in Necromancy
  4608 | D:5      | Entered Level 5 of the Dungeon
  4638 | D:5      | Reached XP level 7. HP: 58/59 MP: 7/10
  4759 | D:5      | Found a staircase to the Ecumenical Temple.
  4769 | Temple   | Entered the Ecumenical Temple
  5077 | Temple   | Became a worshipper of Hepliaklqana the Forgotten
  5197 | D:5      | Reached skill level 8 in Necromancy
  6044 | D:5      | You pick up a book of Cantrips and begin reading...
  6088 | D:5      | HP: 6/59 [orc warrior/+0 flail (10)]
  6093 | D:5      | HP: 2/59 [poisoned by an orc wizard]
  6521 | D:5      | Reached XP level 8. HP: 30/67 MP: 1/11
  6817 | D:5      | Reached skill level 2 in Fighting
  6817 | D:5      | Reached skill level 9 in Necromancy
  7105 | D:6      | Reached skill level 3 in Fighting
  7224 | D:6      | Reached skill level 4 in Fighting
  7245 | D:6      | Reached skill level 5 in Fighting
  7345 | D:6      | Found a sand-covered staircase.
  7388 | D:6      | Reached skill level 6 in Fighting
  7461 | D:6      | Reached skill level 7 in Fighting
  7933 | D:6      | Found Vujysif's Assorted Antiques.
  7941 | D:6      | Bought a scroll labelled EBORPH ODIRYLO for 37 gold pieces
  8288 | D:7      | Found a one-way gate to the infinite horrors of the Abyss.
  8288 | D:7      | Noticed louisi3's ghost (novice OpWz)
  8291 | D:7      | Found a transporter.
  8311 | D:7      | Found a transporter.
  8318 | D:7      | Identified a scroll of acquirement
  8319 | D:7      | Acquired a staff of death
  8329 | D:7      | Noticed a smoke demon
  8567 | D:7      | Reached skill level 1 in Staves
  8633 | D:7      | Noticed a wyvern
  8640 | D:7      | Killed a wyvern
  8641 | D:7      | Reached skill level 3 in Spellcasting
  8641 | D:7      | Reached skill level 1 in Evocations
  8641 | D:7      | Reached XP level 9. HP: 96/96 MP: 12/13
  8647 | D:7      | Learned a level 5 spell: Agony
  8780 | D:7      | Reached skill level 8 in Fighting
  8822 | D:7      | Reached skill level 2 in Staves
  8886 | D:7      | Reached skill level 2 in Evocations
  9286 | D:7      | Reached skill level 4 in Spellcasting
  9416 | D:7      | Reached * piety under Hepliaklqana
 10146 | D:8      | Reached skill level 3 in Staves
 10623 | D:8      | Found an ancient bone altar of Kikubaaqudgha.
 10630 | D:8      | Reached skill level 9 in Fighting
 11085 | D:8      | Reached skill level 3 in Evocations
 11385 | D:8      | Learned a level 3 spell: Swiftness
 11558 | D:8      | Reached skill level 5 in Spellcasting
 11721 | D:9      | Noticed a two-headed ogre
 11728 | D:9      | Killed a two-headed ogre
 11729 | D:9      | Reached skill level 10 in Fighting
 11729 | D:9      | Reached skill level 4 in Staves
 11729 | D:9      | Reached XP level 10. HP: 81/99 MP: 2/18
 11854 | D:9      | HP: 23/99 [yak (13)]
 11864 | D:9      | HP: 16/99 [yak (8)]
 11866 | D:9      | HP: 2/99 [yak (9)]
 11875 | D:10     | Entered Level 10 of the Dungeon
 12416 | D:9      | Reached skill level 6 in Spellcasting
 12426 | D:9      | HP: 15/99 [yak (12)]
 12933 | D:9      | Noticed Erolcha
 12948 | D:9      | HP: 8/99 [something (22)]
 12975 | D:9      | HP: 19/148 [something (3)]
 12990 | D:9      | Killed Erolcha
 12994 | D:9      | HP: 23/99 [kobold brigand/+0 whip (8)]
 13277 | D:9      | Reached skill level 11 in Fighting
 13277 | D:9      | Reached skill level 7 in Spellcasting
 13277 | D:9      | Reached skill level 4 in Evocations
 13423 | D:9      | Reached ** piety under Hepliaklqana
 13424 | D:9      | Remembered your ancestor Ishtar-belessa as a knight
 13864 | D:9      | Reached skill level 5 in Staves
 14168 | D:10     | You fall into a shaft and drop 1 floor!
 14285 | D:11     | Noticed a seven-headed hydra
 14294 | D:11     | Killed a seven-headed hydra
 14295 | D:11     | Reached XP level 11. HP: 75/109 MP: 6/22
 14470 | D:11     | Noticed a cyclops
 14481 | D:11     | Killed a cyclops
 14625 | D:11     | Reached skill level 8 in Spellcasting
 14912 | D:11     | Noticed Grum
 15118 | D:11     | Killed Grum
 15119 | D:11     | Reached skill level 12 in Fighting
 15283 | D:11     | HP: 27/110 [wyvern (12)]
 15285 | D:11     | HP: 9/110 [poisoned by a water moccasin]
 15290 | D:11     | HP: 24/110 [poisoned by a water moccasin]
 15295 | D:11     | HP: 20/110 [poisoned by a water moccasin]
 15778 | D:11     | Reached skill level 10 in Necromancy
 15823 | D:11     | Found a staircase to the Lair.
 15874 | D:11     | Noticed a boulder beetle
 15879 | D:11     | Killed a boulder beetle
 16319 | Lair:1   | Entered Level 1 of the Lair of Beasts
 16427 | Lair:1   | Reached skill level 5 in Evocations
 16541 | Lair:1   | Found a transporter.
 16542 | Lair:1   | Noticed kevlar127's ghost (journeyman TrBe)
 16853 | D:11     | Reached skill level 6 in Staves
 16853 | D:11     | Reached skill level 9 in Spellcasting
 17089 | Lair:1   | Reached skill level 13 in Fighting
 17216 | Lair:1   | You pick up a book of Decay and begin reading...
 17216 | Lair:1   | You add the spells Corpse Rot, Dispel Undead and Death
                  | Channel to your library.
 17232 | Lair:1   | Learned a level 4 spell: Dispel Undead
 17239 | Lair:1   | Learned a level 6 spell: Death Channel
 17401 | Lair:1   | Reached skill level 2 in Dodging
 17407 | Lair:1   | Reached XP level 12. HP: 99/122 MP: 1/25
 17590 | Lair:1   | Reached *** piety under Hepliaklqana
 17903 | Lair:1   | Found a transporter.
 18572 | Lair:2   | Reached skill level 3 in Dodging
 18934 | Lair:2   | Reached skill level 10 in Spellcasting
 18938 | Lair:2   | Gained mutation: Your muscles are strong. (Str +2) [potion
                  | of mutation]
 18938 | Lair:2   | Gained mutation: You have large cloven feet. [potion of
                  | mutation]
 18938 | Lair:2   | Gained mutation: Your magical capacity is low. (-10% MP)
                  | [potion of mutation]
 19888 | Lair:2   | You add the spells Blink, Portal Projectile and Disjunction
                  | to your library.
 19888 | Lair:2   | Got the Compendium of Translocation
 19898 | Lair:2   | You pick up a book of the Spheres and begin reading...
 19898 | Lair:2   | You add the spells Iskenderun's Battlesphere, Fireball,
                  | Conjure Ball Lightning and Orb of Destruction to your
                  | library.
 19981 | Lair:2   | Reached skill level 4 in Dodging
 20123 | Lair:2   | Reached skill level 14 in Fighting
 20278 | Lair:2   | Identified the +6 scale mail of Tyonad {rF+}
 20481 | Lair:2   | Found a blossoming altar of Fedhas.
 20931 | Lair:3   | Noticed a boulder beetle
 20938 | Lair:3   | Killed a boulder beetle
 20939 | Lair:3   | Reached skill level 7 in Staves
 21169 | Lair:3   | Reached **** piety under Hepliaklqana
 21272 | Lair:3   | Reached skill level 1 in Invocations
 21411 | Lair:3   | You pick up a book of Blasting and begin reading...
 21411 | Lair:3   | You add the spells Fulminant Prism, Iskenderun's Mystic
                  | Blast and Lee's Rapid Deconstruction to your library.
 21804 | Lair:3   | Found a staircase to the Swamp.
 21962 | Lair:3   | Identified the +1 robe of Intercession {rElec rF++ rC-}
 22486 | Lair:4   | You pick up a book of Blasting and begin reading...
 22574 | Lair:4   | Found a staircase to the Snake Pit.
 22805 | Lair:4   | You pick up a book of Scorching and begin reading...
 22805 | Lair:4   | You add the spells Scorch, Flame Wave and Summon Cactus
                  | Giant to your library.
 22829 | Lair:4   | You add the spells Call Imp, Frozen Ramparts and Ice Form
                  | to your library.
 22829 | Lair:4   | Got the Handbook of the Freezing Entourage
 23421 | Lair:5   | Noticed a catoblepas
 23442 | Lair:5   | Killed a catoblepas
 23443 | Lair:5   | Reached skill level 5 in Dodging
 23443 | Lair:5   | Reached skill level 11 in Spellcasting
 23443 | Lair:5   | Reached skill level 2 in Invocations
 23443 | Lair:5   | Reached XP level 13. HP: 69/133 MP: 0/25
 23445 | Lair:5   | HP: 28/133 [cane toad (6)]
 23450 | Lair:5   | HP: 11/133 [cane toad (3)]
 23452 | Lair:5   | HP: 5/133 [poisoned by a cane toad]
 23453 | Lair:5   | HP: 1/199 [poisoned by a cane toad]
 23454 | Lair:5   | Succumbed to a cane toad's poison

Vanquished Creatures
  A hydra (D:11)
  Erolcha (D:9)
  A catoblepas (Lair:5)
  A boulder beetle (D:11)
  A two-headed ogre (D:9)
  4 black mambas
  2 rime drakes (Lair:2)
  2 cane toads
  A komodo dragon (Lair:2)
  A troll (D:11)
  2 blink frogs (Lair:1)
  10 yaks
  5 wyverns
  A wraith (D:11)
  A basilisk (D:11)
  A steam dragon (D:4)
  A naga (Lair:4)
  7 water moccasins
  2 black bears
  6 orc warriors
  2 sky beasts
  2 centaurs
  9 wolves
  A phantom (D:5)
  A kobold brigand (D:9)
  7 bullfrogs
  2 scorpions
  4 necrophages
  3 wights (D:6)
  6 howler monkeys
  5 hounds
  3 jellies
  A gnoll shaman (D:8)
  5 orc priests
  2 iguanas
  Natasha (twice) (D:2)
  5 orc wizards
  4 gnolls
  6 adders
  3 ufetubi
  3 worms (D:3)
  A dart slug (D:2)
  30 orcs
  4 endoplasms
  3 giant cockroaches
  5 goblins
  5 hobgoblins
  11 kobolds
  5 quokkas
  5 ball pythons
  3 bats
  12 frilled lizards
  4 rats
215 creatures vanquished.

Vanquished Creatures (collateral kills)
  A boulder beetle (Lair:3)
  A cyclops (D:11)
  A gargoyle (D:11)
  2 cane toads (Lair:2)
  5 komodo dragons
  2 blink frogs (Lair:1)
  20 yaks
  A wyvern (D:11)
  4 basilisks
  Grum (D:11)
  2 vampire mosquitoes (D:11)
  2 nagas (Lair:4)
  5 water moccasins
  3 black bears (D:11)
  6 wolves
  2 centaurs
  A kobold brigand (D:9)
  2 bullfrogs
  2 howler monkeys (D:8)
  2 orc priests (D:8)
  A gnoll shaman (D:9)
  3 gnolls
  2 orcs (D:8)
71 creatures vanquished.

Vanquished Creatures (others)
  5 knights
  3 ancestors
  4 bushes (D:8)
  13 fungi
  29 plants
54 creatures vanquished.

Grand Total: 340 creatures vanquished

Table legend:
 A = Non-vault XP
 B = Vault XP
 C = Vault XP percentage of total XP
 D = Non-vault monster count
 E = Vault monster count
 F = Vault count percentage of total count
                 A         B        C        D         E       F
            +---------+---------+-------+---------+---------+-------
      Total |   27217 |    5720 |  17.4 |     260 |      26 |   9.1
            +---------+---------+-------+---------+---------+-------
        D:1 |      30 |       0 |   0.0 |      22 |       0 |   0.0
        D:2 |      62 |      35 |  36.1 |      16 |       1 |   5.9
        D:3 |     100 |       0 |   0.0 |      17 |       0 |   0.0
        D:4 |     302 |       0 |   0.0 |       9 |       0 |   0.0
        D:5 |     847 |       0 |   0.0 |      21 |       0 |   0.0
        D:6 |     719 |       0 |   0.0 |      12 |       0 |   0.0
        D:7 |    1023 |       0 |   0.0 |      13 |       0 |   0.0
        D:8 |    1270 |       0 |   0.0 |      36 |       0 |   0.0
        D:9 |    3600 |     848 |  19.1 |      36 |       1 |   2.7
       D:11 |    4399 |    2660 |  37.7 |      12 |      18 |  60.0
     Lair:1 |    4699 |       0 |   0.0 |      23 |       0 |   0.0
     Lair:2 |    5692 |     853 |  13.0 |      22 |       2 |   8.3
     Lair:3 |    3206 |       0 |   0.0 |      15 |       0 |   0.0
     Lair:4 |     966 |     476 |  33.0 |       4 |       3 |  42.9
     Lair:5 |     302 |     848 |  73.7 |       2 |       1 |  33.3
            +---------+---------+-------+---------+---------+-------

Illustrated notes

Table legend:
 A = Kills in this place as a percentage of kills in entire the game.
 B = Kills by you in this place as a percentage of kills by you in the entire game.
 C = Kills by friends in this place as a percentage of kills by friends in the entire game.
 D = Other kills in this place as a percentage of other kills in the entire game.
 E = Experience gained in this place as a percentage of experience gained in the entire game.
 F = Experience gained in this place divided by the number of levels of this place that you have seen.
                   A       B       C       D       E      F
               +-------+-------+-------+-------+-------+----------------------
         Total | 100.0 | 100.0 | 100.0 |   N/A | 100.0 | 1829.8
       Dungeon |  74.8 |  85.6 |  42.3 |   N/A |  48.3 | 1324.6
          Lair |  25.2 |  14.4 |  57.7 |   N/A |  51.7 | 3408.4
               +-------+-------+-------+-------+-------+----------------------

Table legend: (Time is in decaauts)
 A = Elapsed time spent in this place.
 B = Non-inter-level travel time spent in this place.
 C = Inter-level travel time spent in this place.
 D = Time resting spent in this place.
 E = Time spent auto-exploring this place.
 F = Levels seen in this place.
 G = Mean time per level.
                   A        B        C        D        E       F      G
               +--------+--------+--------+--------+--------+-----+--------+
         Total |  23500 |  22971 |    529 |   4305 |  16340 |  18 | 1305.6 |
       Dungeon |  16431 |  16099 |    332 |   3975 |  10373 |  12 | 1369.2 |
        Temple |    357 |    308 |     49 |      0 |    287 |   1 |  357.0 |
          Lair |   6711 |   6564 |    147 |    330 |   5680 |   5 | 1342.2 |
               +--------+--------+--------+--------+--------+-----+--------+

Top non-repeatable levels by time:
    D:11: 2576 daAuts
  Lair:2: 2138 daAuts
  Lair:1: 1824 daAuts
     D:9: 1783 daAuts
     D:5: 1714 daAuts
     D:8: 1687 daAuts
  Lair:3: 1619 daAuts
     D:7: 1614 daAuts
     D:2: 1473 daAuts
     D:1: 1333 daAuts
     D:4: 1233 daAuts
     D:6: 1186 daAuts
     D:3: 1009 daAuts
  Lair:4: 1000 daAuts
    D:10: 817 daAuts
